 Dungeon Crawl Stone Soup version 0.17-a0-1954-g0dddeaa (webtiles) character file.

93 Gorice the Twirler (level 4, -9/30 HPs)
             Began as a Mummy Wanderer on Oct 3, 2015.
             Killed by divine providence
             ... invoked by an orc priest
              (15 damage)
             ... on level 3 of the Dungeon.
             The game lasted 00:08:10 (3401 turns).

Gorice the Twirler (Mummy Wanderer)                 Turns: 3401, Time: 00:08:11

Health: -9/30      AC:  6    Str: 14    XL:     4   Next: 36%
Magic:  5/5        EV: 10    Int: 14    God:
Gold:   137        SH:  0    Dex: 10    Spells: 0 memorised, 5 levels left

rFire  x . .     SeeInvis +     a - +0 quarterstaff
rCold  + . .     Clarity  .     g - +0 ring mail
rNeg   + + +     SustAt   .     (no shield)
rPois  ∞         Gourm    .     i - +0 helmet
rElec  .         Spirit   .     (no cloak)
rCorr  .         Warding  .     (no gloves)
rMut   .         Stasis   .     (no boots)
MR     +....                    (no amulet)
Stlth  +.........               k - ring of see invisible
                                p - ring of protection from magic

@: somewhat resistant to hostile enchantments, very unstealthy
A: no food or potions, fire vulnerability, cold resistance 1, negative energy
resistance 3, torment resistance, unbreathing
a: no special abilities


You were on level 3 of the Dungeon.
You were not hungry.

You visited 1 branch of the dungeon, and saw 3 of its levels.

You collected 137 gold pieces.

Inventory:

Hand weapons
 a - a +0 quarterstaff (weapon)
 b - a +0 hunting sling
Missiles
 e - 28 poisoned needles
 h - 18 sling bullets
 Z - 29 stones (quivered)
Armour
 d - a +0 robe
 g - a +0 ring mail (worn)
 i - a +0 helmet (worn)
Jewellery
 k - a ring of see invisible (right hand)
 l - an uncursed ring of flight
 p - a ring of protection from magic (left hand)
 Y - a +5 ring of dexterity
Scrolls
 f - 2 scrolls of identify
 m - a scroll of remove curse
 n - a scroll of enchant weapon
 o - a scroll of noise {!r}
Books
 c - a book of Minor Magic


   Skills:
 * Level 4.3 Staves
 - Level 1.0 Throwing
 - Level 1.0 Dodging
 - Level 1.0 Stealth
   Level 1.0 Shields
 - Level 1.0 Spellcasting
   Level 1.5 Fire Magic


You had 5 spell levels left.
You didn't know any spells.

Dungeon Overview and Level Annotations

Branches:
Dungeon (3/15)

Altars:
Cheibriados
Gozag
Kikubaaqudgha
Xom
Yredelemnul
The Shining One

Annotations:
D:3 Natasha


Innate Abilities, Weirdness & Mutations

You do not eat or drink.
Your flesh is vulnerable to fire.
You are immune to poison.
Your flesh is cold resistant.
You are immune to negative energy.
You are immune to unholy pain and torment.
You can survive without breathing.


Message History

Your surroundings suddenly seem different.
You start resting.
You start resting.
Firing (i - inventory. (,) - cycle):
h - 20 sling bullets (quivered)
Press: ? - help, Shift-Dir - straight line, f - orc priest
Aim: an orc priest, wielding a dagger and wearing a leather armour You shoot a sling bullet.
The sling bullet closely misses the orc priest.
Firing (i - inventory. (,) - cycle):
h - 19 sling bullets (quivered)
Press: ? - help, Shift-Dir - straight line, f/p - orc priest
Aim: an orc priest, wielding a dagger and wearing a leather armour You shoot a sling bullet.
The sling bullet barely misses the orc priest.
The orc priest invokes the aid of Beogh against you.
Something smites you!
Ouch! That really hurt!
* * * LOW HITPOINT WARNING * * *
Damage: 15 (max 15)
a - a +0 quarterstaff (weapon)
You start resting.
You are too injured to fight recklessly!
You are too injured to fight recklessly!
You are too injured to fight recklessly!
You are too injured to fight recklessly!
You are too injured to fight recklessly!
The orc priest calls down the wrath of Beogh upon you.
You resist with some effort.
You are too injured to fight recklessly!
You are too injured to fight recklessly!
You are too injured to fight recklessly!
You are too injured to fight recklessly!
You are too injured to fight recklessly!
You are too injured to fight recklessly!
You are too injured to fight recklessly!
You hit the orc priest.
The orc priest is lightly wounded.
The orc priest hits you but does no damage.
You hit the orc priest.
The orc priest is moderately wounded.
The orc priest hits you but does no damage.
You closely miss the orc priest.
The orc priest is moderately wounded.
The orc priest hits you but does no damage.
You closely miss the orc priest.
The orc priest is moderately wounded.
The orc priest completely misses you.
The orc priest invokes the aid of Beogh against you.
Something smites you!
Ouch! That really hurt!
You die...

.......# .
#.# .......#
#.# .......#
'.. .......#
#.# ..# #.#
#.# #.# #.#
#.# #.# #.#
#.#########@#
#...(.....o.#
#############


You could see an orc priest.

Vanquished Creatures
  4 adders
  An ooze (D:3)
  2 worms (D:2)
  2 giant geckos
  An orc (D:3)
  2 ball pythons
  5 giant cockroaches
  7 goblins
  4 hobgoblins
  8 bats
  3 giant newts
  3 kobolds
  A quokka (D:2)
  3 rats
46 creatures vanquished.

Notes
Turn   | Place    | Note
--------------------------------------------------------------
     0 | D:1      | Gorice the Mummy Wanderer began the quest for the Orb.
     0 | D:1      | Gorice set off with: a book of Minor Magic, a scroll of teleportation {!r}, a +0 quarterstaff, a +0 robe, a !bad item (cl:100,ty:0,pl:0,pl2:0,sp:0,qu:0), a !bad item (cl:100,ty:0,pl:0,pl2:0,sp:0,qu:0), a !bad item (cl:100,ty:0,pl:0,pl2:0,sp:0,qu:0), a !bad item (cl:100,ty:0,pl:0,pl2:0,sp:0,qu:0), a !bad item (cl:100,ty:0,pl:0,pl2:0,sp:0,qu:0), a !bad item (cl:100,ty:0,pl:0,pl2:0,sp:0,qu:0), a !bad item (cl:100,ty:0,pl:0,pl2:0,sp:0,qu:0), a !bad item (cl:100,ty:0,pl:0,pl2:0,sp:0,qu:0), a !bad item (cl:100,ty:0,pl:0,pl2:0,sp:0,qu:0), a !bad item (cl:100,ty:0,pl:0,pl2:0,sp:0,qu:0), a !bad item (cl:100,ty:0,pl:0,pl2:0,sp:0,qu:0), a !bad item (cl:100,ty:0,pl:0,pl2:0,sp:0,qu:0), a !bad item (cl:100,ty:0,pl:0,pl2:0,sp:0,qu:0), a !bad item (cl:100,ty:0,pl:0,pl2:0,sp:0,qu:0), a !bad item (cl:100,ty:0,pl:0,pl2:0,sp:0,qu:0), a !bad item (cl:100,ty:0,pl:0,pl2:0,sp:0,qu:0), a !bad item (cl:100,ty:0,pl:0,pl2:0,sp:0,qu:0), a !bad item (cl:100,ty:0,pl:0,pl2:0,sp:0,qu:0), a !bad item (cl:100,ty:0,pl:0,pl2:0,sp:0,qu:0), a !bad item (cl:100,ty:0,pl:0,pl2:0,sp:0,qu:0), a !bad item (cl:100,ty:0,pl:0,pl2:0,sp:0,qu:0), a !bad item (cl:100,ty:0,pl:0,pl2:0,sp:0,qu:0), a !bad item (cl:100,ty:0,pl:0,pl2:0,sp:0,qu:0), a !bad item (cl:100,ty:0,pl:0,pl2:0,sp:0,qu:0), a !bad item (cl:100,ty:0,pl:0,pl2:0,sp:0,qu:0), a !bad item (cl:100,ty:0,pl:0,pl2:0,sp:0,qu:0), a !bad item (cl:100,ty:0,pl:0,pl2:0,sp:0,qu:0), a !bad item (cl:100,ty:0,pl:0,pl2:0,sp:0,qu:0), a !bad item (cl:100,ty:0,pl:0,pl2:0,sp:0,qu:0), a !bad item (cl:100,ty:0,pl:0,pl2:0,sp:0,qu:0), a !bad item (cl:100,ty:0,pl:0,pl2:0,sp:0,qu:0), a !bad item (cl:100,ty:0,pl:0,pl2:0,sp:0,qu:0), a !bad item (cl:100,ty:0,pl:0,pl2:0,sp:0,qu:0), a !bad item (cl:100,ty:0,pl:0,pl2:0,sp:0,qu:0), a !bad item (cl:100,ty:0,pl:0,pl2:0,sp:0,qu:0), a !bad item (cl:100,ty:0,pl:0,pl2:0,sp:0,qu:0), a !bad item (cl:100,ty:0,pl:0,pl2:0,sp:0,qu:0), a !bad item (cl:100,ty:0,pl:0,pl2:0,sp:0,qu:0), a !bad item (cl:100,ty:0,pl:0,pl2:0,sp:0,qu:0), a !bad item (cl:100,ty:0,pl:0,pl2:0,sp:0,qu:0), a !bad item (cl:100,ty:0,pl:0,pl2:0,sp:0,qu:0), a !bad item (cl:100,ty:0,pl:0,pl2:0,sp:0,qu:0), a !bad item (cl:100,ty:0,pl:0,pl2:0,sp:0,qu:0), a !bad item (cl:100,ty:0,pl:0,pl2:0,sp:0,qu:0), a !bad item (cl:100,ty:0,pl:0,pl2:0,sp:0,qu:0), a !bad item (cl:100,ty:0,pl:0,pl2:0,sp:0,qu:0), a !bad item (cl:100,ty:0,pl:0,pl2:0,sp:0,qu:0), a !bad item (cl:100,ty:0,pl:0,pl2:0,sp:0,qu:0)
     0 | D:1      | Reached XP level 1. HP: 13/13 MP: 2/2
   548 | D:1      | Reached XP level 2. HP: 16/19 MP: 3/3
   607 | D:1      | Reached skill level 3 in Staves
  1207 | D:2      | Found an ancient bone altar of Kikubaaqudgha.
  1207 | D:2      | Found a glowing golden altar of the Shining One.
  1209 | D:2      | Found a shimmering altar of Xom.
  1212 | D:2      | Found an opulent altar of Gozag.
  1213 | D:2      | Found a snail-covered altar of Cheibriados.
  1380 | D:2      | Found a basalt altar of Yredelemnul.
  1430 | D:2      | Reached XP level 3. HP: 16/24 MP: 4/4
  2423 | D:3      | Noticed Natasha
  2459 | D:3      | HP: 4/24 [iron imp[Natasha] (8)]
  2714 | D:3      | HP: 7/24 [Natasha (6)]
  3009 | D:3      | Reached skill level 4 in Staves
  3009 | D:3      | Reached XP level 4. HP: 23/30 MP: 5/5
  3391 | D:3      | HP: 5/30 [orc priest/divine providence (16)]
  3401 | D:3      | Killed from afar by an orc priest

Vault maps used:
D:1:      tarquinn_simple_flora_water_b, st_stairs_12
D:2:      grunt_temple_overflow_open, minmay_misc_feat_doors,
          grunt_ministairs_7, yredelemnul_altar_generic
D:3:      first_bread, uniq_natasha

Action                   |  1- 3 |  4- 6 || total
-------------------------+-------+-------++-------
Melee: Quarterstaff      |   111 |    22 ||   133
 Fire: Hunting sling     |     9 |     8 ||    17
  Use: Scroll            |     1 |     3 ||     4
 Stab: Sleeping          |     2 |       ||     2

Table legend:
 A = Turns spent in this place as a percentage of turns spent in the entire game.
 B = Non-inter-level travel turns spent in this place as a percentage of non-inter-level travel turns spent in the entire game.
 C = Inter-level travel turns spent in this place as a percentage of turns spent in this place.
 D = Turns resting spent in this place as a percentage of non-inter-level travel turns spent in this place.
 E = Turns spent auto-exploring this place as a percentage of non-inter-level travel turns spent in this place.
 F = Non-inter-level travel turns spent in this place divided by the number of levels of this place that you've seen.
                   A       B       C       D       E      F
               +-------+-------+-------+-------+-------+----------------------
         Total | 100.0 | 100.0 |   0.3 |   6.1 |   9.3 | 219.3
       Dungeon | 100.0 | 100.0 |   0.3 |   6.1 |   9.3 | 219.3
               +-------+-------+-------+-------+-------+----------------------

Vault maps used:
D:1:      tarquinn_simple_flora_water_b, st_stairs_12
D:2:      grunt_temple_overflow_open, minmay_misc_feat_doors,
          grunt_ministairs_7, yredelemnul_altar_generic
D:3:      first_bread, uniq_natasha
